 Dungeon Crawl Stone Soup version 0.28-a0-239-g68911e0c57 (webtiles) character file.

Game seed: 15041043472047836445

2 spiderkeys the Charlatan (level 1, 0/16 HPs)
             Began as a Hill Orc Artificer on Aug 23, 2021.
             Slain by a jackal (1 damage)
             ... on level 1 of the Dungeon.
             The game lasted 00:00:29 (65 turns).

spiderkeys the Charlatan (Hill Orc Artificer)         Turns: 65, Time: 00:00:29

Health: 0/16       AC:  3    Str: 14    XL:     1   Next: 40%
Magic:  1/1        EV: 11    Int: 11    God:
Gold:   11         SH:  0    Dex: 11    Spells: 0/0 levels left

rFire   . . .      SeeInvis .   a - +0 club
rCold   . . .      Faith    .   (no shield)
rNeg    . . .      Spirit   .   b - +0 leather armour
rPois   .          Reflect  .   (no helmet)
rElec   .          Harm     .   (no cloak)
rCorr   .          Rampage  .   (no gloves)
Will    .....                   (no boots)
Stlth   +.........              (no amulet)
HPRegen 0.05/turn               (no ring)
MPRegen 0.07/turn               (no ring)

@: no status effects
A: no striking features
a: no special abilities


You were on level 1 of the Dungeon.
You visited 1 branch of the dungeon, and saw 1 of its levels.

You collected 11 gold pieces.


   Skills:
 + Level 1.4 Fighting
 + Level 2.2 Armour
 - Level 0.7 Dodging
 - Level 0.7 Stealth
 + Level 3.0 Evocations


You couldn't memorise any spells.
You didn't know any spells.
Your spell library was empty.

Inventory:

Hand Weapons
 a - a +0 club (weapon)
Armour
 b - a +0 leather armour (worn)
Wands
 c - a wand of flame (15) (quivered)
 d - a wand of charming (15)
Scrolls
 f - 3 scrolls of identify {unknown}
Miscellaneous
 e - a piece from Xom's chessboard (15/15)

Dungeon Overview and Level Annotations

Branches:
Dungeon (1/15)

Altars:

##############
######............#
........#####.###.#
#######.# #+###'#
#.#####.....#####
#.#...#.....#...#
#@#.8.+.....+.8.#
#h#...#.....#...#
#.# ###.....#####
#.# ###'### #.##
#...# > #..# #.<.#
.h. ##.# #...#
.....##.# #####
........#


You could see a jackal.


Message History

🤖 Initializing magus.rc ...
Options error: Delay interrupt name "hungry" not recognised. (~/.crawlrc:4988) ✅ Successfully initialized magus.rc [v1.9.10] Welcome, spiderkeys the Hill Orc Artificer.
Will you prevail where others failed? Will you find the Orb of Zot?
Press ? for a list of commands and other information.
Found 3 scrolls labelled PON MUNTOG.
Found a staircase leading out of the dungeon.
You open the door.
There is an open door here.
f - 3 scrolls labelled PON MUNTOG You open the door.
There is an open door here.
Found 11 gold pieces.
You now have 11 gold pieces. 2 frilled lizards and an endoplasm come into view.
The frilled lizard hisses angrily.
The endoplasm quivers.
The frilled lizard moves out of view.
The endoplasm barely misses you.
You hit the endoplasm but do no damage.
The endoplasm hits you but does no damage.
You hit the endoplasm. The endoplasm hits you.
The frilled lizard bites you but does no damage. 😕 HP[-1]
You take 1 damage, and now have 15/16 hp.
You hit the endoplasm. The endoplasm closely misses you.
The frilled lizard closely misses you. The frilled lizard bites you.
The endoplasm freezes you.
You are frozen. 😮 HP[-3]
You take 3 damage, and now have 12/16 hp.
You are too injured to fight recklessly!
You are too injured to fight recklessly!
You are too injured to fight recklessly!
You are too injured to fight recklessly!
You are too injured to fight recklessly!
You hit the endoplasm but do no damage. The endoplasm hits you. 😮 HP[-1]
You take 1 damage, and now have 11/16 hp.
You hit the endoplasm.
You kill the endoplasm!
You hit the frilled lizard but do no damage.
The frilled lizard completely misses you.
You miss the frilled lizard.
The frilled lizard barely misses you. x2
You barely miss the frilled lizard.
The frilled lizard bites you but does no damage.
You hit the frilled lizard.
You kill the frilled lizard!
You hit the frilled lizard. The frilled lizard bites you.
The frilled lizard barely misses you. 😮 HP[-2]
You take 2 damage, and now have 9/16 hp.
You miss the frilled lizard.
The frilled lizard unfolds its giant frill.
The frilled lizard barely misses you.
You hit the frilled lizard.
You kill the frilled lizard!
A jackal comes into view.
Found a stone staircase leading down.
The jackal barks! 😮 HP[+1]
You hit the jackal. The jackal bites you.
* * * LOW HITPOINT WARNING * * *
The jackal bites you.
* * * LOW HITPOINT WARNING * * *
😨 HP[-5]
You take 5 damage, and now have 5/16 hp.
MASSIVE DAMAGE!! (PAUSE)
You closely miss the jackal. The jackal bites you.
* * * LOW HITPOINT WARNING * * *
The jackal bites you.
* * * LOW HITPOINT WARNING * * *
😱 HP[-4]
You take 4 damage, and now have 1/16 hp.
MASSIVE DAMAGE!! (PAUSE)
You hit the jackal but do no damage. The jackal barely misses you. x2
You hit the jackal. The jackal closely misses you. The jackal bites you.
You die...

Action                   || total
-------------------------++-------
Melee: Club              ||    16
Armor: Leather armour    ||     3
Dodge: Dodged            ||    11

Levels and vault maps discovered:
D:1:      minmay_arrival_stair_chambers, layout_rooms,
          shapermc_ecumenical_altar_rom_forum

Notes
Turn   | Place    | Note
-------+----------+-------------------------------------------
     0 | D:1      | spiderkeys the Hill Orc Artificer began the quest for the
                  | Orb.
     0 | D:1      | Reached XP level 1. HP: 16/16 MP: 1/1
     0 | D:1      | magus.rc [v1.9.10]
    63 | D:1      | HP: 4/16 [jackal (1)]
    63 | D:1      | HP: 1/16 [jackal (3)]
    65 | D:1      | Slain by a jackal

Vanquished Creatures
  An endoplasm (D:1)
  2 frilled lizards (D:1)
3 creatures vanquished.

Table legend:
 A = Non-vault XP
 B = Vault XP
 C = Vault XP percentage of total XP
 D = Non-vault monster count
 E = Vault monster count
 F = Vault count percentage of total count
                 A         B        C        D         E       F
            +---------+---------+-------+---------+---------+-------
      Total |       4 |       0 |   0.0 |       3 |       0 |   0.0
            +---------+---------+-------+---------+---------+-------
        D:1 |       4 |       0 |   0.0 |       3 |       0 |   0.0
            +---------+---------+-------+---------+---------+-------

Illustrated notes

Table legend:
 A = Kills in this place as a percentage of kills in entire the game.
 B = Kills by you in this place as a percentage of kills by you in the entire game.
 C = Kills by friends in this place as a percentage of kills by friends in the entire game.
 D = Other kills in this place as a percentage of other kills in the entire game.
 E = Experience gained in this place as a percentage of experience gained in the entire game.
 F = Experience gained in this place divided by the number of levels of this place that you have seen.
                   A       B       C       D       E      F
               +-------+-------+-------+-------+-------+----------------------
         Total | 100.0 | 100.0 |   N/A |   N/A | 100.0 |   4.0
       Dungeon | 100.0 | 100.0 |   N/A |   N/A | 100.0 |   4.0
               +-------+-------+-------+-------+-------+----------------------

Table legend: (Time is in decaauts)
 A = Elapsed time spent in this place.
 B = Non-inter-level travel time spent in this place.
 C = Inter-level travel time spent in this place.
 D = Time resting spent in this place.
 E = Time spent auto-exploring this place.
 F = Levels seen in this place.
 G = Mean time per level.
                   A        B        C        D        E       F      G
               +--------+--------+--------+--------+--------+-----+--------+
         Total |     69 |     69 |      0 |      0 |     33 |   1 |   69.0 |
       Dungeon |     69 |     69 |      0 |      0 |     33 |   1 |   69.0 |
               +--------+--------+--------+--------+--------+-----+--------+

Top non-repeatable levels by time:
     D:1: 69 daAuts
